Map: Miasto szlamu

Players

aid - Winner!

  • Race: Protoss Protoss
  • Spawn Location: 11:00

kamasu - Winner!

  • Race: Terran Terran
  • Spawn Location: 9:00

Gracz

  • Race: Zerg Zerg
  • Spawn Location: 5:00

KORVIL

  • Race: Zerg Zerg
  • Spawn Location: 5:00

VOD

Have the link to the VOD?

Description

Time

  • Played on: Feb. 29, 2016, 1:26 p.m.
  • Length: 17:16
Show
View Real Time Build Order
Export as new Build Order

aid Protoss - Winner!

Build Orders:  

Get SALT Encoding   

  12  0:02  Probe (Chrono Boost)  
  13  0:17  Probe (Chrono Boost)  
  14  0:27  Pylon  
  14  0:31  Probe (Chrono Boost)  
  15  0:46  Forge, Probe (Chrono Boost)  
  16  0:56  Probe (Chrono Boost)  
  17  1:07  Probe (Chrono Boost)  
  17  1:08  Pylon  
  18  1:17  Probe (Chrono Boost)  
  19  1:27  Photon Cannon  
  19  1:28  Probe (Chrono Boost), Photon Cannon  
  20  1:38  Probe (Chrono Boost)  
  21  1:50  Probe (Chrono Boost)  
  21  1:54  Nexus  
  22  2:07  Pylon  
  22  2:08  Probe (Chrono Boost)  
  23  2:12  Assimilator  
  23  2:18  Assimilator, Probe (Chrono Boost)  
  23  2:25  Gateway  
  23  2:29  Probe (Chrono Boost)  
  24  2:39  Probe (Chrono Boost)  
  25  2:45  Pylon  
  25  2:50  Probe (Chrono Boost)  
  26  2:54  Pylon  
  26  2:57  Assimilator  
  26  3:00  Probe (Chrono Boost)  
  26  3:01  Assimilator  
  27  3:11  Pylon, Probe (Chrono Boost)  
  28  3:15  Cybernetics Core  
  28  3:19  Probe (Chrono Boost)  
  29  3:22  Probe (Chrono Boost)  
  30  3:30  Probe (Chrono Boost)  
  30  3:33  Probe (Chrono Boost)  
  32  3:35  Pylon  
  32  3:40  Probe (Chrono Boost)  
  33  3:43  Probe (Chrono Boost)  
  34  3:51  Probe (Chrono Boost)  
  34  3:54  Stargate, Probe (Chrono Boost)  
  36  3:56  Stargate  
  36  4:04  Mothership Core (Chrono Boost)  
  38  4:11  Photon Cannon  
  38  4:23  Nexus  
  38  4:31  Pylon  
  38  4:34  Photon Cannon  
  38  4:55  Photon Cannon  
  37  5:05  Void Ray  
  37  5:06  Void Ray  
  45  5:23  Probe x2 (Chrono Boost)  
  45  5:24  Photon Cannon  
  45  5:26  Photon Cannon  
  47  5:28  Pylon  
  47  5:31  Photon Cannon  
  47  5:41  Stargate  
  47  5:43  Protoss Air Weapons Level 1 (Chrono Boost)  
  47  5:48  Void Ray  
  51  5:59  Void Ray  
  55  6:07  Photon Cannon  
  55  6:10  Probe  
  56  6:12  Probe  
  56  6:17  Assimilator  
  57  6:18  Probe  
  57  6:21  Assimilator  
  57  6:22  Probe  
  59  6:30  Void Ray  
  59  6:31  Probe  
  64  6:38  Probe  
  64  6:39  Probe  
  66  6:41  Probe  
  67  6:51  Probe  
  67  6:52  Probe x2  
  70  7:09  Void Ray x2  
  70  7:13  Void Ray  
  82  7:20  Photon Cannon  
  82  7:42  Fleet Beacon, Protoss Air Armor Level 1 (Chrono Boost)  
  82  7:45  Stargate  
  82  7:51  Cybernetics Core  
  82  7:52  Void Ray x2  
  90  8:11  Probe  
  90  8:14  Photon Cannon  
  91  8:22  Probe  
  91  8:25  Protoss Shields Level 1  
  92  8:28  Protoss Air Weapons Level 2 (Chrono Boost)  
  92  8:31  Tempest x2  
  100  8:35  Tempest  
  100  9:11  Tempest  
  100  9:14  Tempest  
  108  9:52  Nexus  
  108  9:54  Pylon  
  108  9:56  Pylon  
  116  10:14  Tempest (Chrono Boost)  
  116  10:15  Tempest (Chrono Boost), Photon Cannon  
  116  10:16  Tempest (Chrono Boost), Photon Cannon, Void Ray (Chrono Boost)  
  116  10:19  Photon Cannon  
  124  10:21  Photon Cannon  
  124  10:38  Assimilator  
  124  10:40  Assimilator  
  124  10:41  Protoss Air Armor Level 2 (Chrono Boost)  
  124  10:43  Pylon  
  124  10:47  Pylon  
  124  10:52  Protoss Air Weapons Level 3 (Chrono Boost)  
  124  10:55  Tempest  
  124  11:01  Tempest  
  132  11:22  Tempest x2  
  132  11:33  Tempest (Chrono Boost)  
  136  11:46  Tempest (Chrono Boost)  
  140  11:59  Photon Cannon  
  140  12:01  Photon Cannon  
  140  12:08  Tempest (Chrono Boost)  
  148  12:11  Tempest (Chrono Boost)  
  144  12:31  Tempest x2 (Chrono Boost)  
  152  12:40  Probe  
  153  12:51  Probe  
  153  12:56  Pylon  
  154  13:00  Photon Cannon  
  154  13:01  Probe  
  155  13:09  Nexus  
  155  13:11  Pylon  
  155  13:12  Probe  
  156  13:37  Protoss Air Armor Level 3 (Chrono Boost)  
  160  13:45  Tempest (Chrono Boost)  
  160  13:53  Tempest (Chrono Boost)  
  160  13:55  Photon Cannon  
  164  13:59  Photon Cannon  
  164  14:20  Tempest (Chrono Boost)  
  168  14:40  Tempest (Chrono Boost)  
  168  14:41  Probe  
  168  14:45  Tempest (Chrono Boost)  
  177  14:48  Probe  
  177  14:49  Probe x2  
  177  14:52  Assimilator, Probe  
  181  15:00  Probe  
  181  15:01  Probe  
  181  15:02  Probe  
  184  15:13  Probe  
  185  15:23  Probe  
  186  16:25  Void Ray (Chrono Boost)  
  186  16:36  Void Ray (Chrono Boost)  
  186  17:02  Probe  
  186  17:05  Assimilator  
  187  17:11  Nexus  
  187  17:13  Pylon  
  187  17:14  Pylon  
  187  17:16  Pylon  
Show
View Real Time Build Order
Export as new Build Order

kamasu Terran - Winner!

Build Orders:  

Get SALT Encoding   

  12  0:01  SCV  
  13  0:13  SCV  
  14  0:34  Supply Depot  
  14  0:41  Supply Depot  
  14  0:56  Supply Depot  
  14  1:03  Barracks, SCV  
  15  1:06  Refinery  
  15  1:15  SCV  
  16  1:20  Barracks  
  16  1:42  SCV  
  17  1:54  Orbital Command  
  17  2:20  Engineering Bay  
  17  2:21  Marine x2  
  19  2:24  Orbital Command  
  19  2:37  Command Center  
  19  3:02  Refinery  
  19  3:08  Factory  
  19  3:28  Barracks Tech Lab  
  19  3:36  Barracks Reactor  
  19  3:53  Missile Turret  
  19  4:02  Refinery  
  19  4:03  Refinery  
  19  4:05  Orbital Command  
  19  4:16  SCV  
  20  4:26  Factory Reactor  
  20  4:28  SCV  
  21  4:32  SCV  
  22  4:40  SCV  
  22  4:44  SCV  
  24  4:46  Marine  
  24  4:48  Marine x2  
  25  4:53  SCV  
  25  4:56  SCV  
  27  5:02  Factory  
  27  5:04  Marine  
  27  5:05  SCV  
  27  5:06  Marine x2  
  31  5:08  SCV  
  32  5:15  Widow Mine x2  
  32  5:20  SCV  
  37  5:22  Marine  
  37  5:24  Marine x2  
  40  5:40  Marine  
  41  5:48  SCV  
  41  6:00  SCV  
  41  6:02  Missile Turret  
  42  6:06  Marine x2  
  44  6:12  Marauder  
  46  6:37  Supply Depot  
  46  6:38  Supply Depot  
  46  6:39  Supply Depot  
  46  6:56  Factory Tech Lab  
  46  6:58  Marine, SCV x2  
  46  6:59  Marauder  
  46  7:00  Supply Depot  
  46  7:01  Supply Depot  
  46  7:07  Widow Mine  
  46  7:08  Widow Mine  
  43  7:09  Missile Turret  
  43  7:10  SCV  
  43  7:12  Marine  
  44  7:25  Widow Mine  
  44  7:27  Missile Turret  
  45  7:34  Starport  
  45  7:35  Missile Turret  
  45  7:36  Missile Turret, Widow Mine  
  47  7:48  Barracks Reactor  
  47  7:53  Widow Mine  
  49  8:04  Missile Turret  
  47  8:11  Widow Mine  
  47  8:12  Starport, Widow Mine  
  51  8:13  Missile Turret  
  51  8:22  Siege Tank  
  51  8:24  Factory  
  54  8:32  Armory  
  54  8:35  Armory  
  54  8:39  Starport Tech Lab  
  54  8:41  Hellion x2  
  58  8:54  Siege Tank  
  61  9:02  Hellion x2, Marine x2  
  67  9:20  Marine x2  
  67  9:24  Hellion x2  
  73  9:29  Combat Shields  
  73  9:31  Marine  
  73  9:35  Factory Reactor  
  73  9:38  Marine x2  
  76  9:46  Terran Vehicle And Ship Armor Level 1, Terran Vehicle Weapons Level 1  
  76  9:50  Marauder  
  76  9:52  Starport Reactor, Armory  
  78  9:56  Marine x2  
  80  10:00  Factory  
  80  10:11  Marauder  
  80  10:14  Marine x2  
  84  10:32  Marauder  
  86  10:48  Concussive Shells  
  86  10:51  Supply Depot  
  86  10:52  Supply Depot x2  
  86  10:53  Supply Depot  
  86  11:02  Factory Tech Lab  
  86  11:09  Terran Ship Weapons Level 1  
  86  11:13  Marauder, Thor  
  86  11:14  Terran Infantry Armor Level 1  
  86  11:16  Supply Depot x2  
  86  11:17  Supply Depot  
  94  11:20  Supply Depot  
  94  11:45  Medivac  
  94  11:46  Medivac x2  
  100  11:56  Thor  
  100  12:00  Thor  
  112  12:10  Infernal Pre-Igniter  
  112  12:38  Thor  
  112  12:43  Thor  
  124  12:48  Command Center  
  124  13:08  Terran Infantry Weapons Level 1  
  124  13:21  Thor  
  130  13:29  Drilling Claws  
  130  13:32  Medivac x3  
  136  14:41  Stimpack  
  136  14:42  Marine  
Show
View Real Time Build Order
Export as new Build Order

Gracz Zerg 

Build Orders: Pool First 

Get SALT Encoding   

  12  0:03  Drone  
  13  0:10  Drone  
  14  0:21  Overlord  
  14  0:43  Drone x2  
  14  0:47  Extractor  
  15  0:50  Spawning Pool  
  15  0:53  Drone  
  15  1:20  Drone x2  
  15  1:21  Drone  
  18  1:39  Hatchery  
  17  1:44  Zergling x4  
  19  1:50  Queen  
  19  1:54  Zergling x2  
  22  2:03  Extractor  
  21  2:32  Drone  
  21  2:33  Overlord x2  
  22  2:42  Lair  
  22  2:46  Extractor  
  21  2:52  Evolution Chamber  
  21  2:57  Roach Warren  
  21  2:58  Zergling x2, Drone  
  21  3:09  Baneling Nest  
  20  3:14  Metabolic Boost  
  20  3:25  Zergling x4  
  22  3:51  Drone x3  
  25  4:11  Infestation Pit  
  25  4:16  Drone  
  25  4:17  Drone  
  26  4:19  Roach  
  26  4:20  Roach  
  26  4:21  Roach  
  26  5:08  Roach x3  
  26  5:10  Roach x3  
  38  5:51  Burrow  
  38  6:06  Glial Reconstitution  
  38  6:11  Zergling x6  
  40  6:17  Drone x2  
  40  6:18  Drone  
  44  6:43  Overlord x2  
  44  6:54  Roach x4  
  42  7:04  Roach x4  
  39  7:09  Roach x4  
  39  7:12  Roach  
  39  7:13  Roach x3  
  39  7:14  Roach x4  
  31  7:51  Spire  
  31  7:54  Zergling x6  
  33  8:07  Extractor  
  33  8:08  Drone x3  
  35  8:18  Ravager  
  36  9:02  Mutalisk x3  
  42  9:17  Mutalisk  
  38  9:46  Mutalisk  
  38  9:47  Mutalisk x2  
  44  10:04  Mutalisk  
  38  10:23  Mutalisk x2  
  38  10:24  Mutalisk x3  
  48  10:40  Corruptor  
  50  10:47  Corruptor  
  50  10:48  Corruptor  
  54  10:58  Mutalisk  
  42  11:39  Mutalisk x3  
  48  11:43  Corruptor  
  50  11:47  Zergling x4  
  24  12:24  Mutalisk x2  
  28  12:30  Extractor  
  27  12:39  Corruptor  
  29  12:50  Hatchery  
  24  13:07  Mutalisk  
  24  13:08  Mutalisk  
  26  13:28  Mutalisk  
  22  14:20  Nydus Network  
  20  14:25  Overlord x3  
  17  14:37  Overlord  
  16  14:54  Drone x2  
  16  14:55  Drone  
  17  15:06  Nydus Canal  
  7  15:31  Hatchery  
  7  15:33  Extractor  
  5  15:37  Extractor  
  4  15:58  Hatchery  
Show
View Real Time Build Order
Export as new Build Order

KORVIL Zerg 

Build Orders: Pool First, Muta Ling Bane, Zergling Baneling 

Get SALT Encoding   

  12  0:04  Drone  
  13  0:08  Drone  
  14  0:17  Overlord  
  14  0:38  Drone  
  14  0:40  Drone x2  
  17  0:46  Extractor  
  16  0:53  Drone  
  16  0:54  Spawning Pool  
  16  1:05  Drone  
  17  1:13  Overlord  
  17  1:29  Drone  
  18  1:34  Hatchery  
  17  1:43  Drone  
  17  1:44  Drone  
  19  1:48  Metabolic Boost  
  19  1:56  Queen  
  19  2:00  Zergling x2  
  22  2:06  Zergling x2  
  23  2:16  Zergling x2  
  24  2:31  Zergling x2  
  25  2:41  Baneling Nest  
  25  2:42  Drone  
  25  2:47  Overlord  
  25  2:50  Queen  
  27  2:51  Drone  
  28  2:59  Zergling x2  
  29  3:11  Zergling x6  
  32  3:21  Zergling x2, Extractor  
  33  3:27  Drone x3  
  33  3:32  Zergling x2  
  35  3:47  Drone  
  36  3:51  Zergling x6  
  39  3:58  Lair  
  39  4:06  Drone x4  
  43  4:12  Extractor  
  43  4:15  Baneling x4  
  43  4:16  Baneling x2  
  43  4:17  Baneling x2  
  42  4:21  Zergling x4  
  42  4:23  Overlord x3  
  33  5:06  Zergling x2  
  33  5:07  Zergling x10  
  35  5:12  Centrifical Hooks  
  38  5:20  Zergling x4  
  38  5:21  Zergling x8  
  44  5:36  Zergling x6  
  44  5:37  Zergling x4  
  41  6:08  Spire  
  41  6:09  Zergling x8  
  41  6:10  Zergling x2  
  45  6:29  Baneling x5  
  45  6:30  Baneling x6  
  45  6:35  Zergling x2  
  45  6:36  Zergling x12  
  45  6:37  Zergling x2  
  53  6:43  Zergling x2  
  53  6:44  Zergling x8  
  34  7:26  Mutalisk x2  
  34  7:27  Mutalisk  
  40  7:39  Extractor, Corruptor  
  41  7:53  Corruptor  
  41  7:55  Corruptor  
  41  7:56  Corruptor  
  41  7:57  Corruptor  
  41  7:58  Corruptor  
  48  8:10  Mutalisk x2  
  32  8:54  Overlord x3  
  32  8:58  Corruptor x3  
  32  9:02  Corruptor x2  
  42  9:14  Spore Crawler  
  39  9:25  Spawning Pool  
  24  10:03  Drone x3  
  27  10:09  Hatchery  
  26  11:29  Extractor  
  26  11:31  Extractor  
  24  11:43  Spawning Pool  
  23  11:48  Overlord  
  23  11:58  Drone x2  
  25  12:37  Drone x3  
  27  12:38  Hatchery  
  27  12:39  Lair  
  27  13:04  Hatchery  
  26  13:11  Zergling x6  
  27  13:34  Spore Crawler  
  27  13:37  Spore Crawler  
  27  13:39  Spore Crawler  
  24  13:51  Hydralisk Den  
  23  13:57  Evolution Chamber  
  21  14:22  Hydralisk x2  
  21  14:23  Hydralisk  
  25  14:26  Zerg Ground Armor Level 1  
  25  14:27  Queen  
  27  14:38  Drone x2  
  29  14:59  Hydralisk x2  
  29  15:00  Hydralisk  
  35  15:11  Overlord  
  35  15:15  Extractor, Queen  
  36  15:23  Overlord  
  36  15:38  Overlord x2  
  34  16:15  Hydralisk x4  
  34  16:16  Hydralisk  
Tags
 
Add a new tag
Caveats
  • Supply blocks, unpowered buildings, or Contaminate may cause inaccurate times.
  • Supply counts are checked every 10 seconds.